 Dungeon Sprint DCSS version 0.27-a0-1158-gaa87e14f67 (webtiles) character file.

Game seed: 10445337017020831384

9102 rocky1 the Fighter (level 11, -14/131 HPs)
             Began as an Ogre Hunter on May 16, 2021.
             Was a High Priest of Okawaru.
             Demolished by a shadow wraith (20 damage)
             ... in the Dungeon (Sprint VII: "The Pits").
             The game lasted 00:17:24 (3302 turns).

rocky1 the Fighter (Ogre Hunter)                    Turns: 3302, Time: 00:17:25

Health: -14/131    AC: 13    Str: 20    XL:     11   Next: 41%
Magic:  19/19      EV: 13    Int: 15    God:    Okawaru [*****.]
Gold:   0          SH:  0    Dex: 10    Spells: 10/10 levels left

rFire    . . .     SeeInvis .   w - +2 morningstar (protect)
rCold    . . .     Faith    .   (no shield)
rNeg     . . .     Spirit   .   b - +0 robe
rPois    .         Reflect  .   (helmet restricted)
rElec    .         Harm     .   (no cloak)
rCorr    .         Rampage  .   (gloves unavailable)
Will     +....     NoTele   +   (boots unavailable)
Stlth    +.........             (no amulet)
HPRegen  0.31/turn              i - +3 ring of intelligence
MPRegen  0.16/turn              s - +3 ring of protection

@: under a protective aura, slowed, very slow
A: large, unfitting armour, tough skin 1
a: Renounce Religion, Heroism, Finesse


You were in the Dungeon.
You worshipped Okawaru.
Okawaru was extremely pleased with you.
You visited 1 branch

Inventory:

Hand Weapons
 n - a +2 hand axe of flaming
 o - a +0 giant club
 w - a +2 morningstar of protection (weapon)
 x - a +2 war axe of freezing
Missiles
 c - 2 datura-tipped darts
 d - a throwing net
 j - a large rock (quivered)
 p - 2 javelins
 r - 12 atropa-tipped darts
Armour
 b - a +0 robe (worn)
Jewellery
 i - a +3 ring of intelligence (left hand)
 s - a +3 ring of protection (right hand)
Scrolls
 l - 5 scrolls of amnesia
Potions
 a - a potion of brilliance {unknown}
 e - a potion of curing
 f - 3 potions of heal wounds
 g - 2 potions of haste
 h - 4 potions of magic
 k - a potion of invisibility
 u - a potion of resistance
 v - a potion of might


   Skills:
 + Level 14.4 Fighting
 + Level 11.3(13.2) Axes
 + Level 10.6(12.2) Maces & Flails
 + Level 12.0 Throwing
 + Level 4.3 Armour
 + Level 10.7 Dodging
 - Level 0.6 Stealth
 - Level 10.8 Invocations


You had 10 spell levels left.
You didn't know any spells.
Your spell library was empty.

Dungeon Overview and Level Annotations

Branches:
Dungeon (1/1)

Altars:
Ashenzari
Cheibriados
Dithmenos
Elyvilon
Fedhas
Gozag
Hepliaklqana
Kikubaaqudgha
Makhleb
Nemelex Xobeh
Okawaru
Qazlal
Ru
Sif Muna
Trog
Uskayaw
Vehumet
Wu Jian
Xom
Yredelemnul
Zin
The Shining One
Beogh
Jiyva
Lugonu


Innate Abilities, Weirdness & Mutations

You are too large for most types of armour.
You have tough skin. (AC +1)


Message History

Things that are here:
a +0 shortbow; 24 arrows You feel like a meek peon again.
The jumping spider leaps!
Things that are here:
a +3 great mace; a +0 chain mail; an orc corpse Unknown command.
c - 2 datura-tipped darts (gained 1);
d - a throwing net Throw: large rock
Press: ? - help, Q - select action, (/) - cycle Shift-Dir - straight line, f/p - jumping spider
Aim: a jumping spider (severely wounded, 64% to hit)
You throw a large rock.
The large rock hits the jumping spider!!
You kill the jumping spider!
Okawaru accepts your kill.
Things that are here:
a +3 great mace; a +0 chain mail; an orc corpse
Things that are here:
a +0 shortbow; 24 arrows You see here a +4 scimitar of flaming.
j - a large rock
Things that are here:
a +0 flail; 5 boomerangs; a +0 scale mail You start resting.
You feel yourself speed up.
You start resting.
You hear a chilling moan.
You recover from your berserk rage.
You start resting.
Something hits you. Something drains your vigour!
You feel yourself slow down.
Deactivating autopickup; reactivate with Ctrl-A.
You start resting.
Something hits you!!
* * * LOW HITPOINT WARNING * * *
You impale something!!
Your weapon exudes an aura of protection.
Something hits you!!
* * * LOW HITPOINT WARNING * * *
The giant cockroach zombie waves its antennae.
Something hits you!!
You die...

############ #_________.#
#_________.#
#_______...###########++#
##########'##............
#.?(.').)'.##......#..#..
##########.##.........°..
#...))))@...'.Z...o......
#'#####'#####.....c#..#..
#.#..#.....##............
#.#))#####'#####'#####R'#
#.#.)#...†.##.......##'☼#
#.#))#.....##.......##..o
#.#[[###'####.......##...
#.##'#.....##...<...##..#
#.#........##.......##..'


You could see a giant cockroach zombie.

Vanquished Creatures
  Erolcha (D)
  Erica (D)
  A two-headed ogre (D)
  2 sea snakes (D)
  An orc knight (D)
  A deep elf zephyrmancer (D)
  2 phantasmal warriors (D)
  A manticore (D)
  A black mamba (D)
  A molten gargoyle (D)
  2 efreet (D)
  A rime drake (D)
  A freezing wraith (D)
  A hornet (D)
  A jumping spider (D)
  A ynoxinul (D)
  2 redbacks (D)
  A warg (D)
  A water moccasin (D)
  An orc warrior (D)
  An ice beast (D)
  2 necrophages (D)
  3 centaurs (D)
  2 kobold brigands (D)
  A bullfrog (D)
  A scorpion (D)
  4 wights (D)
  A gnoll shaman (D)
  An orc priest (D)
  A hell rat (D)
  2 orc wizards (D)
  5 gnolls (D)
  2 adders (D)
  4 orcs (D)
  An endoplasm (D)
  3 giant cockroaches (D)
  5 jackals (D)
  3 ball pythons (D)
  2 ball python skeletons (D)
  3 rats (D)
71 creatures vanquished.

Vanquished Creatures (collateral kills)
  A red devil (D)
  A redback (D)
  4 orcs (D)
6 creatures vanquished.

Grand Total: 77 creatures vanquished

Notes
Turn   | Place    | Note
-------+----------+-------------------------------------------
     0 | D        | rocky1 the Ogre Hunter began the quest for the Orb.
     0 | D        | Reached XP level 1. HP: 22/22 MP: 1/1
    13 | D        | Reached skill level 3 in Fighting
    41 | D        | Found a bloodstained altar of Trog.
    41 | D        | Found a shimmering blue altar of Sif Muna.
    41 | D        | Found a viscous altar of Jiyva.
    41 | D        | Found a hazy altar of Hepliaklqana.
    41 | D        | Found an opulent altar of Gozag.
    42 | D        | Found a glowing golden altar of the Shining One.
    42 | D        | Found a glowing silver altar of Zin.
    42 | D        | Found a basalt altar of Yredelemnul.
    42 | D        | Found a shimmering altar of Xom.
    42 | D        | Found an ornate altar of the Wu Jian Council.
    42 | D        | Found a sacrificial altar of Ru.
    42 | D        | Found a stormy altar of Qazlal.
    42 | D        | Found an iron altar of Okawaru.
    42 | D        | Found a sparkling altar of Nemelex Xobeh.
    42 | D        | Found a burning altar of Makhleb.
    42 | D        | Found a blossoming altar of Fedhas.
    42 | D        | Found a white marble altar of Elyvilon.
    42 | D        | Found a shadowy altar of Dithmenos.
    42 | D        | Found a snail-covered altar of Cheibriados.
    44 | D        | Found a radiant altar of Vehumet.
    44 | D        | Found a corrupted altar of Lugonu.
    45 | D        | Found a hide-covered altar of Uskayaw.
    45 | D        | Found an ancient bone altar of Kikubaaqudgha.
    45 | D        | Found a broken altar of Ashenzari.
    50 | D        | Became a worshipper of Warmaster Okawaru
    75 | D        | Reached skill level 1 in Invocations
   147 | D        | Reached XP level 2. HP: 27/31 MP: 2/2
   148 | D        | Reached skill level 1 in Axes
   191 | D        | Reached skill level 1 in Maces & Flails
   277 | D        | Noticed an orc warrior
   279 | D        | Reached skill level 4 in Fighting
   279 | D        | Reached XP level 3. HP: 40/40 MP: 4/4
   279 | D        | Noticed a scorpion
   279 | D        | Noticed an ice beast
   279 | D        | Noticed a kobold brigand
   281 | D        | Noticed a kobold brigand
   283 | D        | Killed an orc warrior
   284 | D        | Reached skill level 5 in Fighting
   284 | D        | Reached skill level 5 in Throwing
   284 | D        | Reached XP level 4. HP: 52/52 MP: 4/7
   284 | D        | Reached XP level 5. HP: 59/59 MP: 4/8
   287 | D        | Killed an ice beast
   287 | D        | Reached * piety under Okawaru
   288 | D        | Reached skill level 6 in Fighting
   293 | D        | Killed a kobold brigand
   294 | D        | Reached skill level 7 in Fighting
   294 | D        | Reached skill level 5 in Axes
   294 | D        | Reached skill level 5 in Dodging
   294 | D        | Reached skill level 5 in Invocations
   294 | D        | Reached XP level 6. HP: 20/71 MP: 5/10
   316 | D        | Reached skill level 8 in Fighting
   316 | D        | Reached skill level 5 in Maces & Flails
   322 | D        | Reached ** piety under Okawaru
   323 | D        | Reached XP level 7. HP: 42/80 MP: 8/11
   508 | D        | Noticed a two-headed ogre
   514 | D        | Killed a two-headed ogre
   514 | D        | Reached *** piety under Okawaru
   515 | D        | Reached skill level 9 in Fighting
   515 | D        | Reached XP level 8. HP: 86/93 MP: 11/13
   656 | D        | Reached skill level 10 in Fighting
   665 | D        | Received a gift from Okawaru
   928 | D        | Noticed an efreet
   928 | D        | Noticed a sea snake
   942 | D        | Killed a sea snake
   943 | D        | Reached XP level 9. HP: 97/102 MP: 12/15
   951 | D        | Killed an efreet
   951 | D        | Reached **** piety under Okawaru
   952 | D        | Reached skill level 11 in Fighting
  1429 | D        | Noticed a molten gargoyle
  1438 | D        | Killed a molten gargoyle
  1465 | D        | Noticed a sea snake
  1476 | D        | Killed a sea snake
  1477 | D        | Reached skill level 10 in Throwing
  1477 | D        | Reached skill level 10 in Invocations
  1760 | D        | Noticed Erolcha
  1771 | D        | Killed Erolcha
  1771 | D        | Reached ***** piety under Okawaru
  1772 | D        | Reached skill level 12 in Fighting
  1772 | D        | Reached XP level 10. HP: 117/117 MP: 17/17
  1780 | D        | Noticed a manticore
  1793 | D        | Killed a manticore
  1937 | D        | Noticed a black mamba
  1948 | D        | Killed a black mamba
  2130 | D        | Noticed a phantasmal warrior
  2132 | D        | Reached skill level 13 in Fighting
  2132 | D        | Reached skill level 10 in Axes
  2143 | D        | Killed a phantasmal warrior
  2143 | D        | Received a gift from Okawaru
  2144 | D        | Reached skill level 1 in Armour
  2414 | D        | Received a gift from Okawaru
  2421 | D        | Noticed a phantasmal warrior
  2429 | D        | Killed a phantasmal warrior
  2430 | D        | Reached skill level 10 in Dodging
  2475 | D        | Reached XP level 11. HP: 95/127 MP: 19/19
  2583 | D        | Noticed a deep elf zephyrmancer
  2590 | D        | Reached ****** piety under Okawaru
  2605 | D        | Killed a deep elf zephyrmancer
  2606 | D        | Reached skill level 10 in Maces & Flails
  2670 | D        | Noticed Erica
  2683 | D        | Killed Erica
  2683 | D        | Received a gift from Okawaru
  2684 | D        | Reached skill level 14 in Fighting
  3171 | D        | Received a gift from Okawaru
  3189 | D        | Noticed an orc knight
  3246 | D        | Killed an orc knight
  3302 | D        | HP: 6/131 [something (19)]
  3302 | D        | Demolished by a shadow wraith

Illustrated notes

Levels and vault maps discovered:
D:        pitsprint [storerooms_1, entrance_room_1, metal_vault_8, armoury_1,
          mini_pit_1, grid_room_1, main_hall_1, silver_pit, the_coven_2,
          the_vestibule_1, steel_vault_5, golden_pit, hallway_of_sentries,
          crystal_vault_2, iron_vault_1, final_vault]

Skill      XL: |  1  2  3  4  5  6  7  8  9 10 11 |
---------------+----------------------------------+-----
Fighting       | 3 4 5 7 8 9 10 12 13 14 | 14.4
Dodging        | 2 3 5 6 7 9 10 | 10.7
Invocations    | 1 2 4 5 6 7 8 10 | 10.8
Axes           | 2 3 5 7 8 9 10 11 | 11.3
Maces & Flails | 1 3 4 5 6 7 8 9 10 | 10.6
Throwing       | 5 6 7 8 9 10 11 12 | 12.0
Armour         | 2 4 |  4.3
Stealth        | |  0.6

Action                   |  1- 3 |  4- 6 |  7- 9 | 10-12 || total
-------------------------+-------+-------+-------+-------++-------
Melee: Mace              |    30 |       |       |       ||    30
       Flail             |     2 |    33 |    44 |       ||    79
       Punch             |       |       |     2 |     2 ||     4
       Morningstar       |       |       |    10 |   130 ||   140
Throw: Large rock        |     4 |       |     8 |    14 ||    26
       Throwing net      |       |       |       |     2 ||     2
       Dart              |       |       |       |     1 ||     1
Invok: Heroism           |       |     1 |     2 |     5 ||     8
       Finesse           |       |       |       |     5 ||     5
  Use: Potion            |     1 |     5 |     3 |    10 ||    19
       Scroll            |       |       |       |     2 ||     2
 Stab: Held in net/web   |       |       |       |     1 ||     1
Armor: Robe              |    17 |    11 |    11 |    51 ||    90
Dodge: Dodged            |    19 |    23 |    15 |    96 ||   153

Table legend: (Time is in decaauts)
 A = Elapsed time spent in this place.
 B = Non-inter-level travel time spent in this place.
 C = Inter-level travel time spent in this place.
 D = Time resting spent in this place.
 E = Time spent auto-exploring this place.
 F = Levels seen in this place.
 G = Mean time per level.
                   A        B        C        D        E       F      G
               +--------+--------+--------+--------+--------+-----+--------+
         Total |   3294 |   3224 |     70 |   2259 |      0 |   1 | 3294.0 |
       Dungeon |   3294 |   3224 |     70 |   2259 |      0 |   1 | 3294.0 |
               +--------+--------+--------+--------+--------+-----+--------+

Top non-repeatable levels by time:
       D: 3294 daAuts
